Map: Rorschach LE

Players

GhostHunter - Winner!

  • Race: Zerg Zerg
  • League: Silver

A.I. 1 (Medium)

  • Race: Zerg Zerg

VOD

Have the link to the VOD?

Description

Time

  • Played on: Oct. 19, 2026, 9:35 p.m.
  • Length: 9:57
Show
View Real Time Build Order
Export as new Build Order

GhostHunter Zerg - Winner!

Build Orders: Hatch First 

Get SALT Encoding   

  12  0:00  Drone  
  13  0:08  Drone  
  14  0:31  Hatchery  
  13  0:39  Overlord  
  13  0:44  Drone  
  14  0:58  Drone x2  
  14  1:02  Drone  
  17  1:12  Spawning Pool  
  17  1:14  Drone  
  17  1:23  Drone  
  18  1:33  Extractor, Drone  
  18  1:44  Drone  
  19  1:48  Drone  
  20  2:01  Queen x2  
  24  2:10  Drone x2  
  24  2:15  Drone x2  
  28  2:17  Overlord  
  28  2:24  Overlord  
  28  2:35  Drone  
  28  2:36  Drone  
  30  2:41  Drone x2  
  32  2:47  Zergling x2  
  32  2:49  Zergling x2  
  34  3:01  Drone  
  34  3:02  Drone  
  36  3:16  Metabolic Boost  
  36  3:27  Drone x4  
  36  3:28  Drone x3  
  36  3:30  Hatchery  
  36  3:31  Hatchery  
  41  3:35  Queen  
  43  3:43  Overlord  
  43  3:47  Overlord  
  43  3:55  Evolution Chamber  
  43  4:01  Queen  
  44  4:04  Roach Warren  
  43  4:10  Drone x2  
  43  4:13  Zergling x10  
  50  4:26  Zerg Ground Armor Level 1  
  50  4:35  Drone x2  
  50  4:37  Overlord x2  
  52  4:43  Queen  
  54  4:45  Queen  
  56  5:02  Roach x9  
  56  5:03  Roach  
  56  5:06  Drone x2  
  71  5:35  Drone x4  
  73  5:36  Drone x5  
  73  5:38  Overlord x2  
  73  5:40  Lair  
  80  5:56  Overlord x3  
  80  5:58  Drone x14  
  80  6:00  Drone  
  80  6:03  Drone  
  96  6:19  Roach  
  96  6:20  Roach x3  
  96  6:21  Zergling x8  
  108  6:32  Drone x3  
  111  6:36  Extractor  
  111  6:38  Drone x2  
  111  6:39  Drone x3, Extractor  
  114  6:40  Drone x3  
  114  6:41  Roach  
  114  6:42  Zergling x2  
  116  7:02  Roach x2  
  120  7:35  Hatchery  
  120  7:36  Drone  
  120  7:49  Overlord  
  120  7:50  Overlord x5  
  120  8:07  Queen x4  
  128  8:13  Ravager  
  128  8:15  Ravager x3  
  128  8:17  Roach  
  128  8:18  Roach x13  
  128  8:19  Zergling x14  
  168  8:20  Zergling x2, Overlord  
  168  8:21  Overlord x4  
  168  8:39  Zergling x32  
  182  8:54  Zergling x22  
  182  8:55  Zergling x4  
Show
View Real Time Build Order
Export as new Build Order

A.I. 1 (Medium) Zerg 

Build Orders: 1 Base Baneling Bust, Pool First 

Get SALT Encoding   

  12  0:00  Drone  
  13  0:12  Overlord  
  13  0:16  Drone  
  14  0:30  Drone  
  14  0:33  Drone  
  16  0:42  Spawning Pool  
  15  0:44  Drone  
  15  0:48  Drone  
  17  0:51  Extractor  
  17  0:55  Drone  
  17  1:06  Overlord  
  17  1:30  Queen  
  17  1:31  Zergling x2  
  20  1:37  Roach Warren  
  20  1:38  Drone  
  20  1:39  Extractor  
  19  1:45  Zergling x2  
  20  1:49  Drone  
  21  2:00  Drone  
  22  2:10  Overlord  
  22  2:21  Roach  
  24  2:32  Drone  
  25  2:37  Roach, Overlord  
  25  2:40  Drone  
  28  2:45  Drone  
  29  2:51  Ravager  
  29  2:54  Roach  
  32  3:03  Baneling Nest  
  32  3:05  Drone  
  32  3:08  Roach  
  32  3:09  Drone  
  32  3:12  Drone  
  36  3:16  Drone  
  37  3:22  Ravager  
  38  3:27  Overlord  
  38  3:33  Evolution Chamber  
  37  3:38  Roach  
  40  3:41  Drone  
  40  3:52  Roach  
  42  5:21  Zergling x2  
  39  5:35  Zergling x2  
  40  5:49  Roach  
  42  6:15  Lair, Drone  
  42  6:16  Overlord, Zergling x2  
  42  6:18  Spore Crawler, Drone  
  43  6:20  Spore Crawler  
  43  6:21  Drone  
  43  6:24  Evolution Chamber, Hatchery, Drone  
  43  6:26  Zergling x2  
  43  6:27  Drone  
  45  6:34  Overlord  
  45  6:37  Baneling  
  45  6:38  Baneling, Zergling x2  
  46  6:44  Spine Crawler, Drone  
  46  6:46  Spine Crawler  
  45  6:47  Drone  
  45  6:50  Zergling x2  
  42  7:00  Zergling x2  
  32  7:12  Queen  
  32  7:13  Overseer x2  
  32  7:15  Spire  
  33  7:17  Hydralisk Den  
  33  7:21  Infestation Pit  
  33  7:22  Drone  
  32  7:34  Zergling x2  
  33  7:37  Drone  
  33  7:40  Drone  
  33  7:41  Roach  
  33  7:43  Drone  
  38  7:48  Zergling x2  
  38  7:49  Drone  
  38  7:50  Spore Crawler  
  39  7:52  Spore Crawler  
  39  7:54  Drone  
  39  7:58  Drone  
  39  7:59  Roach  
  39  8:01  Drone  
  39  8:02  Hatchery  
  39  8:03  Extractor  
  39  8:04  Drone  
  40  8:12  Baneling  
  40  8:22  Hatchery, Drone  
  40  8:25  Mutalisk  
  42  8:27  Drone  
  42  8:30  Drone  
  42  8:33  Drone  
  45  8:37  Drone  
  41  8:47  Hydralisk  
  39  8:57  Mutalisk  
  41  9:06  Hydralisk  
  41  9:14  Zergling x2  
  34  9:29  Zergling x2  
  26  9:35  Drone  
  9  9:38  Drone  
Tags
 
Add a new tag
Caveats
  • Supply blocks, unpowered buildings, or Contaminate may cause inaccurate times.
  • Supply counts are checked every 10 seconds.